 Dungeon Crawl Stone Soup version 0.26-a0-1181-gd376ed14c5 (webtiles) character file.

Game seed: 14521105290163811150

1923 Arthanis the Arsonist (level 8, -12/41 HPs)
             Began as a Deep Elf Fire Elementalist on Dec 25, 2020.
             Mangled by Harold
             ... wielding a +2 trident of protection
              (20 damage)
             ... on level 7 of the Dungeon.
             The game lasted 00:10:36 (5932 turns).

Arthanis the Arsonist (Deep Elf Fire Elementalist)  Turns: 5932, Time: 00:10:37

Health: -12/41     AC:  5    Str:  5    XL:     8   Next: 96%
Magic:  7/22       EV: 13    Int: 26    God:
Gold:   232        SH:  0    Dex: 15    Spells: 10/23 levels left

rFire    . . .     SeeInvis .   H - +7 hand axe of Gozag's Vengeance {vorpal, rN+}
rCold    . . .     Faith    .   (no shield)
rNeg     + . .     Spirit   .   a - +0 robe
rPois    +         Reflect  .   s - +0 helmet
rElec    .         Harm     .   f - +0 cloak
rCorr    .         Rampage  .   D - +0 pair of gloves of the Mantidfly {Int+3} (curse)
Will     +....                  (no boots)
Stlth    ++........             x - amulet of magic regeneration
HPRegen  0.13/turn              l - ring of willpower
MPRegen  0.43/turn              e - ring of poison resistance

@: no status effects
A: no striking features
a: no special abilities


You were on level 7 of the Dungeon.
You visited 1 branch of the dungeon, and saw 7 of its levels.
You also visited: Sewer.

You collected 232 gold pieces.

Inventory:

Hand Weapons
 b - a +0 dagger
 n - a +0 falchion
 H - the +7 hand axe of Gozag's Vengeance (weapon) {vorpal, rN+}
   (You found it on level 5 of the Dungeon)

   It inflicts extra damage upon your enemies.
   It protects you from negative energy.
 K - a +0 dagger of venom
Armour
 a - a +0 robe (worn)
 f - a +0 cloak (worn)
 s - a +0 helmet (worn)
 D - the cursed +0 pair of gloves of the Mantidfly (worn) {Int+3}
   (You found it on level 6 of the Dungeon)

   It affects your intelligence (+3).
   It has a curse placed upon it.
Magical Staves
 L - an uncursed staff of air
Jewellery
 c - an uncursed amulet of the acrobat
 e - a ring of poison resistance (right hand)
 l - a ring of willpower (left hand)
 t - an uncursed ring of ice
 x - an amulet of magic regeneration (around neck)
 I - a cursed -4 ring of evasion {unknown}
Wands
 F - a wand of polymorph (7)
Scrolls
 d - 4 scrolls of amnesia
 h - a scroll of immolation
 i - 2 scrolls of fog
 j - 3 scrolls of teleportation
 o - 5 scrolls of remove curse
 y - a scroll of noise
 z - 3 scrolls of identify
 A - 2 scrolls of magic mapping
 B - a scroll of fear {unknown}
 C - a scroll of enchant armour {unknown}
 E - a scroll of enchant weapon {unknown}
Potions
 g - a potion of mutation {unknown}
 k - a potion of lignification {unknown}
 m - 7 potions of curing {unknown}
 p - 2 potions of haste {unknown}
 q - a potion of cancellation {unknown}
 r - a potion of degeneration {unknown}
 u - a potion of brilliance {unknown}
 v - 2 potions of attraction {unknown}
 w - a potion of might {unknown}
 G - a potion of invisibility {unknown}
 J - 3 potions of magic {unknown}


   Skills:
 - Level 2.4 Dodging
 - Level 2.4 Stealth
 + Level 8.2 Spellcasting
 + Level 6.3 Conjurations
 * Level 9.6 Fire Magic


You had 10 spell levels left.
You knew the following spells:

 Your Spells              Type           Power        Failure   Level
a - Foxfire               Conj/Fire      100%         1%          1
b - Conjure Flame         Conj/Fire      51%          1%          3
c - Sticky Flame          Conj/Fire      51%          1%          4
d - Fireball              Conj/Fire      25%          6%          5

Your spell library contained the following spells:

 Spells                   Type           Power        Failure   Level
 Inner Flame              Hex/Fire       35%          2%          3


Dungeon Overview and Level Annotations

Branches:
Dungeon (7/15)              Sewer (visited)
 Temple: D:4-7

Altars:
Fedhas
Gozag
Nemelex Xobeh
Ru
Sif Muna

Shops:
D:6 *   D:7 [

Annotations:
D:3 2 runed translucent doors, Scuka's ghost, amateur DrTm
D:7 Harold


Message History

Casting: Foxfire (safe; 1% risk of failure)
Confirm with . or Enter, or press ? or * to list all spells.
Aiming: Sticky Flame (dangerous; 1% risk of failure)
Press: ? - help, Shift-Dir - straight line, f/p - Harold
Aim: Harold, wielding a +2 trident of protection, wearing a +0 scale mail and quivering a throwing net (heavily wounded, 0% to evade)
The sticky flame hits Harold but does no damage.
Harold is heavily wounded.
Harold is covered in liquid flames!
Harold burns!
The foxfire hits Harold but does no damage.
Harold is heavily wounded.
The foxfire hits Harold but does no damage.
Harold is heavily wounded.
The foxfire hits Harold but does no damage.
Harold is heavily wounded.
The foxfire hits Harold but does no damage.
Harold is heavily wounded.
The foxfire hits Harold!
Harold is heavily wounded.
Harold hits you with a +2 trident of protection!!
You die...

....... ....... . .....⌠ ...∩.
..... .....#### ...# ).......#
...##........ ..
............##@............ ..
..............§@............#...
..............§§§...........#...
..[..............#.............
#.....#####(....#.............
#......# #................)..
##......####.............<...#
#..........).................#
...#.).)....................#
###.)......##........######


You could see Harold (burning).

Vanquished Creatures
  Maggie (D:7)
  Eustachio (D:6)
  Menkaure (D:5)
  Duvessa (D:5)
  Purgy (Sewer)
  2 ogres (D:4)
  A sky beast (D:6)
  A centaur (D:6)
  Blork the orc (D:6)
  A bullfrog (D:6)
  A wyvern zombie (D:6)
  Dowan (D:5)
  A scorpion (D:4)
  A water moccasin skeleton (D:7)
  2 orc priests
  2 jellies
  A bullfrog skeleton (D:7)
  3 orc wizards
  Terence (D:2)
  2 worker ants
  8 adders
  A white imp (D:6)
  2 ufetubi (D:7)
  An ooze (D:2)
  A worm (D:2)
  A dart slug (D:1)
  4 leopard geckos
  15 orcs
  3 bats (D:2)
  5 giant cockroaches
  6 goblins
  7 hobgoblins
  10 jackals
  7 frilled lizards
  6 kobolds
  A quokka zombie (D:7)
  4 rats
108 creatures vanquished.

Vanquished Creatures (others)
  557 foxfires
557 creatures vanquished.

Grand Total: 665 creatures vanquished

Notes
Turn   | Place    | Note
-------+----------+-------------------------------------------
     0 | D:1      | Arthanis the Deep Elf Fire Elementalist began the quest for
                  | the Orb.
     0 | D:1      | Reached XP level 1. HP: 10/10 MP: 6/6
   757 | D:1      | Reached XP level 2. HP: 15/15 MP: 5/8
  1190 | D:1      | Reached skill level 4 in Fire Magic
  1190 | D:1      | Reached XP level 3. HP: 14/19 MP: 1/10
  1453 | D:2      | Noticed Terence
  1466 | D:2      | Killed Terence
  1467 | D:2      | Reached XP level 4. HP: 20/24 MP: 1/11
  1617 | D:2      | Learned a level 3 spell: Conjure Flame
  1622 | D:2      | Learned a level 4 spell: Sticky Flame
  2067 | D:3      | Found a blossoming altar of Fedhas.
  2067 | D:3      | Found a shimmering blue altar of Sif Muna.
  2068 | D:3      | Found a sparkling altar of Nemelex Xobeh.
  2406 | D:3      | Found a runed translucent door.
  2413 | D:3      | Reached skill level 5 in Fire Magic
  2645 | D:3      | Found a runed translucent door.
  2646 | D:3      | Noticed Scuka's ghost (amateur DrTm)
  2646 | D:3      | Noticed a bullfrog
  2702 | D:4      | Reached XP level 5. HP: 28/28 MP: 9/13
  2768 | D:4      | Found an opulent altar of Gozag.
  3016 | D:4      | Noticed an ogre
  3040 | D:4      | Killed an ogre
  3041 | D:4      | Reached skill level 5 in Spellcasting
  3041 | D:4      | Reached XP level 6. HP: 32/32 MP: 8/15
  3047 | D:4      | Learned a level 5 spell: Fireball
  3108 | D:4      | Reached skill level 6 in Fire Magic
  3560 | D:5      | Entered Level 5 of the Dungeon
  3560 | D:5      | Found a sacrificial altar of Ru.
  3822 | D:5      | Noticed Menkaure
  3825 | D:5      | Killed Menkaure
  3826 | D:5      | Reached XP level 7. HP: 19/36 MP: 10/17
  3989 | D:5      | Noticed Dowan
  4079 | D:6      | Reached skill level 7 in Fire Magic
  4119 | D:6      | Found Tuttun's General Store.
  4223 | D:6      | Noticed Eustachio
  4401 | D:6      | Noticed Blork the orc
  4413 | D:6      | Killed Eustachio
  4425 | D:6      | Killed Blork the orc
  4426 | D:6      | Reached skill level 5 in Conjurations
  4426 | D:6      | Reached XP level 8. HP: 35/41 MP: 15/20
  4447 | D:6      | Found a glowing drain.
  4463 | D:6      | Reached skill level 8 in Fire Magic
  4470 | Sewer    | Entered a sewer
  4556 | Sewer    | Noticed Purgy
  4560 | Sewer    | Killed Purgy
  4656 | D:6      | Got a pair of pitted gloves
  4700 | D:6      | Identified the cursed +0 pair of gloves of the Mantidfly
                  | {Int+3} (You found it on level 6 of the Dungeon)
  5382 | D:5      | Got a slimy hand axe
  5383 | D:5      | Identified the +7 hand axe of Gozag's Vengeance {vorpal,
                  | rN+} (You found it on level 5 of the Dungeon)
  5527 | D:5      | Noticed Duvessa
  5537 | D:5      | Killed Duvessa
  5542 | D:5      | Killed Dowan
  5652 | D:7      | Reached skill level 9 in Fire Magic
  5709 | D:7      | Noticed Maggie
  5719 | D:7      | Killed Maggie
  5916 | D:7      | Found Oneasay's Antique Armour Emporium.
  5916 | D:7      | Noticed Harold
  5932 | D:7      | Mangled by Harold

Illustrated notes

Levels and vault maps discovered:
D:1:      minmay_arrival_glassed_features, layout_loops_corners,
          chequers_serial_rivers_micro_d, minmay_misc_feat_secret_circle,
          minmay_pentomino_u2
D:2:      layout_rooms, uniq_terence
D:3:      layout_rooms, gammafunk_temple_overflow_claw, ebering_ghost_sewer_f,
          grunt_decor_junction
D:4:      layout_basic, nicolae_gozag_seed_capital
D:5:      layout_loops_cross, basic_altar, uniq_duvessa, uniq_menkaure
D:6:      layout_loops_ring, serial_shops, kennysheep_little_box,
          gup_sewer_entry_glass, uniq_blork_the_orc, uniq_eustachio
D:7:      layout_basic, minmay_temple_entry_drinking_statues, serial_shops,
          shop, dk_rats_in_the_wall, uniq_maggie, uniq_harold, uniq_joseph,
          uniq_prince_ribbit1

Skill      XL: |  1  2  3  4  5  6  7  8 |
---------------+-------------------------+-----
Fire Magic     | 4 5 6 7 9 |  9.6
Conjurations   | 2 3 4 5 6 |  6.3
Spellcasting   | 4 5 6 8 |  8.2
Dodging        | |  2.4
Stealth        | |  2.4

Action                   |  1- 3 |  4- 6 |  7- 9 || total
-------------------------+-------+-------+-------++-------
Melee: Dagger            |     2 |       |       ||     2
       Falchion          |       |     1 |     1 ||     2
 Cast: Foxfire           |    75 |   122 |   137 ||   334
       Sticky Flame      |       |     2 |     9 ||    11
       Conjure Flame     |       |     1 |     1 ||     2
  Use: Scroll            |       |       |     8 ||     8
Armor: Robe              |     1 |     2 |    10 ||    13
Dodge: Dodged            |    12 |     7 |    17 ||    36
       Rpst.: Falchion   |       |     2 |     1 ||     3

Table legend: (Time is in decaauts)
 A = Elapsed time spent in this place.
 B = Non-inter-level travel time spent in this place.
 C = Inter-level travel time spent in this place.
 D = Time resting spent in this place.
 E = Time spent auto-exploring this place.
 F = Levels seen in this place.
 G = Mean time per level.
                   A        B        C        D        E       F      G
               +--------+--------+--------+--------+--------+-----+--------+
         Total |   5942 |   5638 |    304 |    202 |   4386 |   8 |  742.8 |
       Dungeon |   5775 |   5471 |    304 |    202 |   4273 |   7 |  825.0 |
         Sewer |    166 |    166 |      0 |      0 |    113 |   1 |  166.0 |
               +--------+--------+--------+--------+--------+-----+--------+

Top non-repeatable levels by time:
     D:1: 1050 daAuts
     D:5: 986 daAuts
     D:6: 945 daAuts
     D:4: 861 daAuts
     D:3: 823 daAuts
     D:2: 822 daAuts
     D:7: 285 daAuts
   Sewer: 166 daAuts
